 Dungeon Crawl Stone Soup version 0.30-a0-457-g4b7bca3bfa (webtiles) character file.

Game seed: 3022060325122898655

3829 Lobster4 the Summoner (level 10, -4/74 HPs)
             Began as a Human Summoner on Dec 13, 2022.
             Killed from afar by a steam dragon (13 damage)
             ... with a ball of steam
             ... on level 7 of the Dungeon.
             The game lasted 00:31:19 (9026 turns).

Lobster4 the Summoner (Human Summoner)              Turns: 9026, Time: 00:31:19

Health: -4/74      AC:  7    Str: 10    XL:     10   Next: 40%
Magic:  12/27      EV: 12    Int: 19    God:
Gold:   488        SH:  0    Dex: 13    Spells: 9/19 levels left

rFire   . . .      SeeInvis .    a - +4 whip (pain)
rCold   + . .      Faith    .    (no shield)
rNeg    . . .      Spirit   .    e - +0 robe {rC+}
rPois   .          Reflect  .    q - +1 helmet
rElec   .          Harm     .    (no cloak)
rCorr   .          Rampage  .    c - +0 pair of gloves
Will    .....                    G - +0 pair of boots
Stlth   +++.......               H - amulet of the acrobat
HPRegen 0.32/turn                y - ring of magical power
MPRegen 0.20/turn                m - +4 ring of slaying

@: on berserk cooldown, slowed, very slow
A: no striking features
a: no special abilities


You were on level 7 of the Dungeon.
You visited 2 branches of the dungeon, and saw 8 of its levels.
You also visited: Sewer.

You collected 488 gold pieces.

Inventory:

Hand Weapons
 a - a +4 whip of pain (weapon)
 b - a +3 sling of draining
 r - a +2 trident of venom
 I - a +2 whip of flaming
Armour
 c - a +0 pair of gloves (worn)
 e - a +0 robe of cold resistance (worn)
 q - a +1 helmet (worn)
 z - a +0 pair of gloves of infusion
 G - a +0 pair of boots (worn)
Jewellery
 m - a +4 ring of slaying (right hand)
 y - a ring of magical power (left hand)
 H - an amulet of the acrobat (around neck)
Wands
 i - a wand of quicksilver (5)
 p - a wand of flame (24)
 t - a wand of iceblast (10)
 F - a wand of paralysis (13)
Scrolls
 h - a scroll of fog {unknown}
 l - 3 scrolls of blinking
 n - 2 scrolls of immolation
 s - a scroll of amnesia
 w - a scroll of silence
 x - a scroll of fear
 B - 2 scrolls of poison
 D - 3 scrolls of teleportation
Potions
 d - a potion of cancellation {unknown}
 f - 2 potions of might {unknown}
 g - a potion of flight {unknown}
 j - 2 potions of magic
 k - 2 potions of curing
 o - 2 potions of lignification {unknown}
 u - 2 potions of brilliance {unknown}
 v - 2 potions of mutation {unknown}
 A - 2 potions of attraction {unknown}
 E - 4 potions of heal wounds {unknown}


   Skills:
 + Level 5.3 Fighting
 + Level 5.4 Armour
 - Level 3.0 Dodging
 - Level 6.0 Stealth
 + Level 5.4 Spellcasting
 * Level 9.2 Summonings
 + Level 1.2 Air Magic
 - Level 3.0 Evocations


You had 9 spell levels left.
You knew the following spells:

 Your Spells              Type           Power      Damage    Failure   Level
a - Summon Small Mammal   Summ           100%       N/A       1%          1
b - Call Imp              Summ           40%        N/A       1%          2
c - Call Canine Familiar  Summ           40%        N/A       1%          3
d - Summon Lightning Spi  Summ/Air       25%        N/A       14%         4

Your spell library contained the following spells:

 Spells                   Type           Power      Damage    Failure   Level
 Summon Guardian Golem    Hex/Summ       22%        N/A       5%          3
 Beastly Appendage        Tmut           10%        N/A       12%         1
 Freeze                   Ice            20%        1d4       12%         1
 Kiss of Death            Conj/Necr      20%        2d7       12%         1
 Wereblood                Tmut           5%         N/A       19%         2
 Confusing Touch          Hex            5%         N/A       34%         3
 Frozen Ramparts          Ice            10%        1d2       34%         3
 Hailstorm                Conj/Ice       5%         3d4       34%         3
 Inner Flame              Hex/Fire       5%         N/A       34%         3
 Spider Form              Tmut/Pois      5%         N/A       34%         3
 Dispel Undead            Necr           5%         3d7       75%         4
 Flame Wave               Conj/Fire      5%         2d5       75%         4
 Sticky Flame             Conj/Fire      5%         2d3       75%         4


Dungeon Overview and Level Annotations

Branches:
Dungeon (7/15)             Temple (1/1) D:5           Sewer (visited)

Altars:
Ashenzari
Cheibriados
Dithmenos
Elyvilon
Gozag
Kikubaaqudgha
Makhleb
Nemelex Xobeh
Okawaru
Qazlal
Ru
Trog
Vehumet
Wu Jian
Xom
Yredelemnul
Zin


Message History

* * * LOW HITPOINT WARNING * * *
Your quokka bites the steam dragon but does no damage.
The steam dragon bites your quokka!
Your quokka dies!
Your quokka's corpse disappears in a puff of smoke!
You hit the steam dragon but do no damage.
The steam dragon is heavily wounded.
You are engulfed in a cloud of scalding steam.
* * * LOW HITPOINT WARNING * * *
Your hound barely misses the steam dragon.
You closely miss the steam dragon.
The steam dragon is heavily wounded.
Your hound barely misses the steam dragon.
The steam dragon breathes steam at you. The ball of steam hits you!
* * * LOW HITPOINT WARNING * * *
The kobold hits your hound with a +0 dagger.
Your hound dies!
Your hound's corpse disappears in a puff of smoke!
You closely miss the steam dragon.
The steam dragon is heavily wounded.
The kobold is engulfed in a cloud of scalding steam.
The kobold dies!
The steam dragon bites you.
* * * LOW HITPOINT WARNING * * *
The steam dragon claws you.
* * * LOW HITPOINT WARNING * * *
You are too berserk!
Unknown command.
The kobold is engulfed in a cloud of scalding steam.
The kobold dies!
You are too berserk!
You feel a strong urge to attack something.
You feel your anger nearly subside.
You are no longer berserk.
You are exhausted.
You feel yourself slow down.
You feel better. The steam dragon breathes steam at you.
The ball of steam hits you!
You die...

## .
#)##...h.#.#
#.
..##.###.#.#
#####.#
#h#.#
#)###.#.#
#...hr#.#
###.#####.#
#.........#
#ยง#.#######
##.#@#
#..D.#
#..### #..#
#).######
#)).......
#)########
#.# #.#


You could see a steam dragon (catching breath).

Vanquished Creatures
  Prince Ribbit (D:6)
  A water moccasin (D:6)
  A black bear (D:4)
  An ice beast (D:6)
  A sky beast (D:6)
  A centaur (D:7)
  A lemure (D:6)
  A necrophage (D:4)
  A bullfrog (Sewer)
  A wight (D:6)
  A hound (D:3)
  Ijyb (D:3)
  Natasha (D:2)
  Robin (D:2)
  5 adders
  A river rat (Sewer)
  A white imp (D:5)
  2 ufetubi
  A dart slug (D:4)
  An orc (D:6)
  2 bats
  2 endoplasms
  2 giant cockroaches
  6 goblins
  A hobgoblin (D:1)
  A jackal (D:3)
  6 ball pythons
  A frilled lizard (D:2)
  3 kobolds
  4 rats
53 creatures vanquished.

Vanquished Creatures (collateral kills)
  Pikel (D:6)
  Sigmund (D:2)
  A water moccasin (D:7)
  2 orc warriors (D:7)
  An ice beast (D:6)
  A sky beast (D:6)
  A black bear (D:6)
  2 ogres (D:6)
  3 kobold brigands
  2 necrophages (D:6)
  4 scorpions (D:5)
  2 bullfrogs
  A gnoll sergeant (D:6)
  2 hounds
  A jelly (D:6)
  2 orc priests
  2 iguanas (D:5)
  2 orc wizards
  Natasha (twice) (D:2)
  12 gnolls
  10 adders
  3 river rats (Sewer)
  A white imp (D:7)
  A dart slug (D:4)
  11 orcs
  10 bats
  7 endoplasms
  4 giant cockroaches
  13 goblins
  11 hobgoblins
  4 jackals (D:3)
  10 kobolds
  2 quokkas
  11 ball pythons
  3 frilled lizards
  22 rats
168 creatures vanquished.

Vanquished Creatures (others)
  2 goblins
  3 kobolds (D:7)
  19 fungi
  3 toadstools (D:1)
27 creatures vanquished.

Grand Total: 248 creatures vanquished

Notes
Turn   | Place    | Note
-------+----------+-------------------------------------------
     0 | D:1      | Lobster4 the Human Summoner began the quest for the Orb.
     0 | D:1      | Reached XP level 1. HP: 13/13 MP: 3/3
   390 | D:1      | Reached XP level 2. HP: 19/19 MP: 1/5
   874 | D:1      | Reached XP level 3. HP: 24/24 MP: 3/6
  1048 | D:1      | Learned a level 2 spell: Call Imp
  1263 | D:1      | Found a faded altar of an unknown god.
  1358 | D:2      | Noticed Sigmund
  1405 | D:2      | Killed Sigmund
  1406 | D:2      | Reached skill level 1 in Fighting
  1406 | D:2      | Reached skill level 1 in Armour
  1406 | D:2      | Reached skill level 5 in Summonings
  1406 | D:2      | Reached XP level 4. HP: 32/32 MP: 0/8
  1406 | D:2      | Reached XP level 5. HP: 37/37 MP: 0/9
  1406 | D:2      | Reached XP level 6. HP: 43/43 MP: 0/10
  1642 | D:2      | Noticed Natasha
  1650 | D:2      | Killed Natasha
  1771 | D:2      | Noticed Natasha
  2052 | D:2      | Killed Natasha
  2287 | D:2      | Noticed Natasha
  2296 | D:2      | Killed Natasha
  2467 | D:2      | Noticed Robin
  2598 | D:2      | Killed Robin
  3192 | D:3      | Noticed Ijyb
  3221 | D:3      | Killed Ijyb
  3222 | D:3      | Reached XP level 7. HP: 33/50 MP: 3/11
  3228 | D:3      | Learned a level 3 spell: Call Canine Familiar
  4084 | D:4      | Reached skill level 1 in Evocations
  4660 | D:5      | Entered Level 5 of the Dungeon
  4685 | D:5      | Found a staircase to the Ecumenical Temple.
  4698 | Temple   | Entered the Ecumenical Temple
  4830 | D:5      | Found an ancient bone altar of Kikubaaqudgha.
  4860 | D:5      | Found a glowing drain.
  4877 | Sewer    | Entered a sewer
  4908 | Sewer    | Reached skill level 6 in Summonings
  4925 | Sewer    | Reached XP level 8. HP: 57/57 MP: 13/13
  6511 | D:6      | Reached XP level 9. HP: 64/64 MP: 15/15
  6530 | D:6      | Reached skill level 7 in Summonings
  6634 | D:6      | HP: 3/65 [ice beast (8)]
  6644 | D:6      | Reached skill level 5 in Stealth
  7108 | D:6      | Noticed Pikel
  7789 | D:6      | Noticed Prince Ribbit
  7825 | D:6      | Killed Prince Ribbit
  7826 | D:6      | Reached skill level 8 in Summonings
  8297 | D:6      | Killed Pikel
  8298 | D:6      | Reached skill level 5 in Fighting
  8298 | D:6      | Reached skill level 5 in Armour
  8298 | D:6      | Reached skill level 5 in Spellcasting
  8298 | D:6      | Reached XP level 10. HP: 74/74 MP: 17/17
  8608 | D:6      | Learned a level 4 spell: Summon Lightning Spire
  8841 | D:7      | Reached skill level 9 in Summonings
  8893 | D:7      | Reached skill level 1 in Air Magic
  9020 | D:7      | HP: 5/111 [steam dragon/ball of steam (7)]
  9021 | D:7      | HP: 1/111 [steam dragon (2)]
  9026 | D:7      | Killed from afar by a steam dragon

Illustrated notes

Levels and vault maps discovered:
D:1:      onia_arrival_handbag, layout_loops_corners,
          shapermc_ecumenical_altar_petra, minmay_gold_behind_fungi
D:2:      layout_rooms, st_stairs_8, uniq_robin, uniq_natasha, uniq_sigmund
D:3:      kennysheep_goblin_castle, layout_loops_ring, serial_glass,
          glass_columns_a, glass_columns_b, glass_columns_b, glass_columns_b,
          glass_columns_b, glass_columns_b
D:4:      layout_loops_cross
D:5:      old_forge, layout_basic, mainiacjoe_overflow_concentric_impassable,
          minmay_temple_entry_waves, portal_sewer_entry_f
D:6:      kennysheep_spiral_hall, layout_basic, uniq_pikel, uniq_prince_ribbit1
D:7:      layout_loops_ring, minmay_manual_mail
Temple:   nicolae_temple_x_marks_the_god

Skill      XL: |  1  2  3  4  5  6  7  8  9 10 |
---------------+-------------------------------+-----
Fighting       | 1 2 3 5 |  5.3
Armour         | 1 2 3 5 |  5.4
Summonings     | 5 6 8 9 |  9.2
Stealth        | 3 4 6 |  6.0
Dodging        | 3 |  3.0
Spellcasting   | 3 4 5 |  5.4
Evocations     | 1 2 3 |  3.0
Air Magic      | 1 |  1.2

Action                   |  1- 3 |  4- 6 |  7- 9 | 10-12 || total
-------------------------+-------+-------+-------+-------++-------
Melee: Unarmed           |    19 |       |       |       ||    19
       Short sword       |    39 |    57 |       |       ||    96
       Whip              |       |    26 |   173 |    20 ||   219
       Punch             |       |       |     1 |       ||     1
 Fire: Sling             |       |       |     1 |       ||     1
 Cast: Summon Small Mamm |    48 |    43 |    83 |    18 ||   192
       Call Imp          |     2 |    19 |    40 |     5 ||    66
       Call Canine Famil |       |       |    31 |    10 ||    41
Evoke: Wand              |       |       |     4 |       ||     4
  Use: Scroll            |     3 |     6 |     5 |       ||    14
       Potion            |       |       |     3 |     2 ||     5
 Stab: Sleeping          |     3 |     2 |     2 |     1 ||     8
       Distracted        |     1 |       |     3 |     1 ||     5
Armor: Robe              |    13 |    20 |    73 |    10 ||   116
Dodge: Dodged            |    44 |    72 |   152 |    28 ||   296

Table legend: (Time is in decaauts)
 A = Elapsed time spent in this place.
 B = Non-inter-level travel time spent in this place.
 C = Inter-level travel time spent in this place.
 D = Time resting spent in this place.
 E = Time spent auto-exploring this place.
 F = Levels seen in this place.
 G = Mean time per level.
                   A        B        C        D        E       F      G
               +--------+--------+--------+--------+--------+-----+--------+
         Total |   9137 |   8630 |    507 |   1122 |   4721 |   9 | 1015.2 |
       Dungeon |   8604 |   8097 |    507 |   1096 |   4590 |   7 | 1229.1 |
        Temple |     41 |     41 |      0 |      0 |      0 |   1 |   41.0 |
         Sewer |    491 |    491 |      0 |     26 |    131 |   1 |  491.0 |
               +--------+--------+--------+--------+--------+-----+--------+

Top non-repeatable levels by time:
     D:6: 2149 daAuts
     D:5: 1461 daAuts
     D:1: 1411 daAuts
     D:2: 1277 daAuts
     D:3: 1071 daAuts
     D:4: 912 daAuts
   Sewer: 491 daAuts
     D:7: 321 daAuts
  Temple: 41 daAuts
